[Event "Kvibergspelen 2018"]
[Site "Prioritet Serneke Arena, Krutvagen 2, Gothenburg, Sweden"]
[Date "2018.04.20"]
[Round "2.3"]
[White "Svensson, Leif"]
[Black "Blomqvist, Erik"]
[Result "0-1"]
[TimeControl "15 minutes + 5 seconds per move from move one (Round 1 - 4) / 90 minutes + 30 seconds per move from move one (Round 5 - 8)"]
[BlackTitle "GM"]
[WhiteFideId "1702459"]
[BlackFideId "1709437"]
[WhiteElo "2051"]
[BlackElo "2494"]

1. d4 Nf6 2. Nc3 d5 3. Bg5 c5 4. Bxf6 gxf6 5. e3 cxd4 6. exd4 Nc6 7. Qh5 e6 8. Nf3 Bd7 9. O-O-O Qa5 10.
Rd3 Nb4 11. Re3 Nxa2+ 12. Nxa2 Qxa2 13. Nd2 a5 14. g3 Qa4 15. Nb3 Rc8 16. Bg2 Qc6 17. Rc3 Qb6 18. Rxc8+ Bxc8 19. Re1 a4 20. Nc5 Bxc5 21. dxc5 Qxc5 22.
Bxd5 Qxf2 23. Re2 Qg1+ 24. Kd2 Qd4+ 25. Kc1 Ke7 26. c3 Qg1+ 27. Kc2 Rd8 28. Qf5 Kf8 29. Qxf6 Rxd5 30. Qh8+ Ke7 31. Qxc8 Qd1# 0-1

[Event "Kvibergspelen 2018"]
[Site "Prioritet Serneke Arena, Krutvagen 2, Gothenburg, Sweden"]
[Date "2018.04.20"]
[Round "2.4"]
[White "Tikkanen, Hans"]
[Black "Andersson, Lars"]
[Result "1-0"]
[TimeControl "15 minutes + 5 seconds per move from move one (Round 1 - 4) / 90 minutes + 30 seconds per move from move one (Round 5 - 8)"]
[WhiteTitle "GM"]
[WhiteFideId "1706446"]
[BlackFideId "1706772"]
[WhiteElo "2486"]
[BlackElo "2051"]

1. d4 f5 2. Bg5 g6 3. Nc3 Bg7 4. Qd2 h6 5. Bf4 d6 6. e3 e5 7. Bg3 e4 8. h4 Nf6 9. Be2 Be6 10.
Nh3 O-O 11. f3 d5 12. Nb5 Ne8 13. O-O-O c6 14. Nc3 b5 15. Be5 Nf6 16. Nf4 Bf7 17. Rdg1 Nbd7 18. Bxf6 Nxf6 19. g4 fxg4 20.
fxg4 Ne8 21. g5 h5 22. Bxh5 gxh5 23. g6 Nf6 24. gxf7+ Rxf7 25. Rg5 Qd7 26. Rhg1 1-0

[Event "Kvibergspelen 2018"]
[Site "Prioritet Serneke Arena, Krutvagen 2, Gothenburg, Sweden"]
[Date "2018.04.20"]
[Round "2.5"]
[White "Karlsson, Jorgen"]
[Black "Brynell, Stellan"]
[Result "0-1"]
[TimeControl "15 minutes + 5 seconds per move from move one (Round 1 - 4) / 90 minutes + 30 seconds per move from move one (Round 5 - 8)"]
[BlackTitle "GM"]
[WhiteFideId "1711679"]
[BlackFideId "1700219"]
[WhiteElo "2045"]
[BlackElo "2420"]

1. d4 Nf6 2. Bf4 g6 3. h3 Bg7 4. Nc3 d6 5. Qd2 Nbd7 6. Nf3 c5 7. Bh6 Bxh6 8. Qxh6 cxd4 9. Nxd4 Qa5 10.
O-O-O Nc5 11. Qe3 Ne6 12. g4 h5 13. Nb3 Qg5 14. Qxg5 Nxg5 15. Bg2 Ne6 16. Bf3 h4 17. Nd4 Rb8 18.
Nxe6 Bxe6 19. Rd4 Kd7 20. e4 Rhc8 21. e5 Ne8 22. Rhd1 Rc4 23. Rxc4 Bxc4 24.
exd6 Nxd6 25. b3 Be6 26. Ne4 b6 27. c4 Kc7 28. Kb2 Nxe4 29. Bxe4 g5 30. Rd4 f6 31. Bd3 Rd8 32. Kc3 Rd6 33.
b4 Bd7 34. a3 e5 35. Rxd6 Kxd6 36. Be4 a5 37. Bg2 0-1

[Event "Kvibergspelen 2018"]
[Site "Prioritet Serneke Arena, Krutvagen 2, Gothenburg, Sweden"]
[Date "2018.04.20"]
[Round "2.6"]
[White "Hakansson, Stefan"]
[Black "Ernst, Thomas"]
[Result "0-1"]
[TimeControl "15 minutes + 5 seconds per move from move one (Round 1 - 4) / 90 minutes + 30 seconds per move from move one (Round 5 - 8)"]
[BlackTitle "GM"]
[WhiteFideId "1708198"]
[BlackFideId "1700065"]
[WhiteElo "2029"]
[BlackElo "2366"]

1. d4 Nf6 2. Bg5 Ne4 3. Bf4 c5 4. d5 Qb6 5. Qc1 g6 6. f3 Bg7 7. c3 Nf6 8. e4 d6 9. Nd2 e5 10.
Nc4 Qd8 11. Bh6 O-O 12. Bxg7 Kxg7 13. Bd3 b5 14. Ne3 c4 15. Bc2 Nbd7 16. a4 Nb6 17. axb5 Bd7 18. Ne2 Bxb5 19. O-O Qe7 20. Ng3 Bd7 21. Qd2 Kh8 22.
Qe2 Bb5 23. Qf2 Nfd7 24. f4 exf4 25. Qxf4 Ne5 26. Ng4 f6 27. Nxe5 fxe5 28. Qe3 Kg7 29. Rxf8 Kxf8 30. Qh6+ Kg8 31.
Rf1 Rf8 32. Rxf8+ Qxf8 33. Qxf8+ Kxf8 34. Kf2 Ba4 35. Bb1 Bb3 36. Ke3 Na4 37. Kd2 Nxb2 38. Nf1 Na4 39. Ne3 Nc5 40. Ng4 Kg7 41. Kc1 h5 42. Ne3 a5 43.
Kb2 Na4+ 44. Ka3 Nxc3 45. Bc2 Bxc2 46. Nxc2 Nxe4 47. Ka4 Nc3+ 48. Kxa5 Nxd5 49. Kb5 Nc7+ 50. Kxc4 Kf6 51. Ne1 Ke6 52. Nf3 d5+ 53. Kc5 Na6+ 54. Kb5 Nc7+ 55. Kc5 d4 56.
Kc6 Ne8 57. Kc5 Nf6 58. Kc4 Ng4 59. Nh4 Ne3+ 60. Kd3 g5 61. Nf3 g4 62. Nh4 Kd5 63. h3 Nxg2 0-1

[Event "Kvibergspelen 2018"]
[Site "Prioritet Serneke Arena, Krutvagen 2, Gothenburg, Sweden"]
[Date "2018.04.20"]
[Round "2.7"]
[White "Heidenfors, Ronald"]
[Black "Seo, Jung Min"]
[Result "0-1"]
[TimeControl "15 minutes + 5 seconds per move from move one (Round 1 - 4) / 90 minutes + 30 seconds per move from move one (Round 5 - 8)"]
[BlackTitle "FM"]
[WhiteFideId "1724053"]
[BlackFideId "1734687"]
[WhiteElo "2009"]
[BlackElo "2349"]

1. e4 c5 2. Nf3 Nc6 3. d4 cxd4 4.
Nxd4 Nf6 5. Nc3 d6 6. Be2 g6 7. O-O Bg7 8. Nb3 O-O 9. Bg5 Be6 10. f4 a5 11. a4 Nb4 12. Bf3 Nxc2 13.
Qxc2 Qb6+ 14. Qf2 Qxf2+ 15. Rxf2 Bxb3 16. e5 dxe5 17. fxe5 Nd7 18. Bxe7 Rfe8 19. Bd6 Nxe5 20. Bxb7 Rad8 21. Bxe5 Bxe5 22. Nb5 Bc4 23. Rc2 Bd3 24. Rd2 Bf4 25.
Rdd1 Bc2 26. Re1 Be5 27. Bc6 Re6 28.
Bf3 Bxb2 29. Rxe6 Bxa1 30. Re2 Bxa4 31. Ra2 Bxb5 32. Rxa1 a4 33. Ra3 Rd4 34. Kf2 Rb4 35. Bd1 Rb2+ 36. Kg3 Bc6 37. Bf3 Bxf3 38. gxf3 Rb4 39. Rc3 h5 40. Rc8+ Kg7 41. Ra8 g5 42. Ra6 f6 43. Ra7+ Kg6 44. Ra5 h4+ 45. Kh3 Rb3 46. Kg4 f5+ 0-1

[Event "Kvibergspelen 2018"]
[Site "Prioritet Serneke Arena, Krutvagen 2, Gothenburg, Sweden"]
[Date "2018.04.20"]
[Round "2.8"]
[White "Al Hadarani, Hatim"]
[Black "Jonsson, Krister"]
[Result "0-1"]
[TimeControl "15 minutes + 5 seconds per move from move one (Round 1 - 4) / 90 minutes + 30 seconds per move from move one (Round 5 - 8)"]
[WhiteTitle "FM"]
[WhiteFideId "9400273"]
[BlackFideId "1708023"]
[WhiteElo "2334"]
[BlackElo "2047"]

1. d4 d5 2. Bg5 g6 3. Nc3 Bg7 4. Qd2 Nf6 5. Bh6 Bxh6 6. Qxh6 Bf5 7. Qd2 Nc6 8. e3 Qd7 9. Nf3 Rd8 10.
Bb5 a6 11. Ne5 Qd6 12. Nxc6 bxc6 13. Bxa6 O-O 14. Bd3 Ne4 15. Bxe4 Bxe4 16. f3 Bf5 17. Na4 e5 18. O-O e4 19.
f4 Ra8 20. Nc5 Rfb8 21. b3 Bc8 22. Kh1 Ba6 23. Rg1 h5 24. g4 hxg4 25. Rxg4 Kg7 26. Nxa6 Rxa6 27. f5 Rh8 28. Rf1 c5 29.
Qf2 Qd7 30. dxc5 Rh6 31. f6+ Kh7 32. Rh4 Qf5 33. Rxh6 Kxh6 34. Qxf5 gxf5 35. a4 Kg5 36. Ra1 d4 37. b4 dxe3 38. b5 0-1

[Event "Kvibergspelen 2018"]
[Site "Prioritet Serneke Arena, Krutvagen 2, Gothenburg, Sweden"]
[Date "2018.04.20"]
[Round "2.9"]
[White "Pantzar, Milton"]
[Black "Troberg Eskola, Love"]
[Result "1-0"]
[TimeControl "15 minutes + 5 seconds per move from move one (Round 1 - 4) / 90 minutes + 30 seconds per move from move one (Round 5 - 8)"]
[WhiteTitle "FM"]
[WhiteFideId "1721003"]
[BlackFideId "1724185"]
[WhiteElo "2295"]
[BlackElo "2045"]

1. e3 g6 2. f4 Bg7 3. Nf3 c5 4. Be2 Nc6 5. O-O Nf6 6. d3 d5 7. Qe1 O-O 8. Nc3 d4 9. Nd1 dxe3 10.
Nxe3 Nd5 11. Nc4 b5 12. Nce5 Bb7 13. Nxc6 Bxc6 14. Ne5 Bb7 15. Bf3 Qc7 16. Bd2 Nb6 17. Bxb7 Qxb7 18. Rb1 Qd5 19.
Nf3 e6 20. Bc3 Bxc3 21. bxc3 Qxa2 22. Qf2 a6 23. Ng5 h6 24. Ne4 Na4 25. Ra1 1-0

[Event "Kvibergspelen 2018"]
[Site "Prioritet Serneke Arena, Krutvagen 2, Gothenburg, Sweden"]
[Date "2018.04.20"]
[Round "2.10"]
[White "Petersson, Baldur Teodor"]
[Black "Kucuksari, Kaan"]
[Result "1/2-1/2"]
[TimeControl "15 minutes + 5 seconds per move from move one (Round 1 - 4) / 90 minutes + 30 seconds per move from move one (Round 5 - 8)"]
[WhiteTitle "CM"]
[BlackTitle "FM"]
[WhiteFideId "2309157"]
[BlackFideId "6380166"]
[WhiteElo "2003"]
[BlackElo "2251"]

1. e4 c5 2. d3 e6 3. g3 d5 4. Nd2 Nf6 5. Bg2 Nc6 6. Ngf3 Be7 7. O-O O-O 8. Re1 Qc7 9. e5 Nd7 10.
Qe2 b5 11. Nf1 Bb7 12. Bf4 Rfc8 13. h4 Qd8 14. Ne3 h6 15. Ng4 Bf8 16. Qd2 Ne7 17. h5 Nf5 18. Ngh2 d4 19. g4 Ne7 20.
g5 Nf5 21. Bh3 hxg5 22. Bxg5 Qe8 23. Qf4 Nb6 24. Bxf5 Nd5 25. Qg4 exf5 26. Qxf5 Rc6 27. Ng4 Ne7 28. Bxe7 Bxe7 29. e6 fxe6 30.
Rxe6 Bc8 31. Ng5 Qxh5 32. Qd5 Qxg5 33. Re5+ Be6 34. Rxg5 Bxd5 35. Rxd5 Rf8 36. Re1 Bd8 37. Ne5 Rcf6 38. Re2 Rf5 39. Rxc5 Bh4 40. Nd7 Bxf2+ 41. Rxf2 Rxf2 42. Nxf8
Rxf8 43. Rxb5 Rc8 44. c3 dxc3 45.
bxc3 Rxc3 46. Ra5 Rc7 47. Kg2 Kf7 48.
Kf3 Ke6 49. Ke4 Kd6 50. Ra6+ Kc5 51.
d4+ Kb5 52. Rg6 a5 53. d5 Kc5 54.
Ke5 a4 55. Ra6 Re7 56. Re6 Rc7 57. Ra6 Re7 58. Re6 1/2-1/2

[Event "Kvibergspelen 2018"]
[Site "Prioritet Serneke Arena, Krutvagen 2, Gothenburg, Sweden"]
[Date "2018.04.20"]
[Round "2.11"]
[White "Sorensen, Hampus"]
[Black "Fransson, Lennart"]
[Result "1-0"]
[TimeControl "15 minutes + 5 seconds per move from move one (Round 1 - 4) / 90 minutes + 30 seconds per move from move one (Round 5 - 8)"]
[WhiteFideId "8703884"]
[BlackFideId "1706756"]
[WhiteElo "2243"]
[BlackElo "2035"]

1. d4 Nf6 2. c4 c5 3. d5 d6 4. Nc3 g6 5. e4 Bg7 6. Bd3 O-O 7. h3 Na6 8. Nf3 Bd7 9. O-O Nc7 10.
a4 b6 11. Re1 Rb8 12. Bf4 a6 13. e5 Nfe8 14. Qe2 Bc8 15. Rab1 e6 16. Rbd1 exd5 17. Nxd5 Nxd5 18. cxd5 b5 19.
axb5 axb5 20. Bxb5 Nc7 21. Bc4 Re8 22. exd6 1-0

[Event "Kvibergspelen 2018"]
[Site "Prioritet Serneke Arena, Krutvagen 2, Gothenburg, Sweden"]
[Date "2018.04.20"]
[Round "2.12"]
[White "Wickstrom, Tommy"]
[Black "Naslund, Mikael"]
[Result "0-1"]
[TimeControl "15 minutes + 5 seconds per move from move one (Round 1 - 4) / 90 minutes + 30 seconds per move from move one (Round 5 - 8)"]
[BlackTitle "FM"]
[WhiteFideId "1713442"]
[BlackFideId "1708260"]
[WhiteElo "1977"]
[BlackElo "2224"]

1. d4 Nf6 2. c4 g6 3. Nc3 d5 4. Bf4 Bg7 5. Nf3 c6 6. Rc1 O-O 7. e3 Qa5 8. Qb3 Nbd7 9. Be2 dxc4 10. Bxc4 Nb6 11. Bc7 Ne4 12.
O-O Nd6 13. Be2 Be6 14. Qc2 Rac8 15. Bxb6 axb6 16. a3 b5 17. Ng5 Bd7 18. Nge4 b4 19. Nxd6 exd6 20. axb4 Qxb4 21. Rfd1 d5 22.
Na4 Bf5 23. Bd3 Ra8 24. Nc5 Bg4 25. f3 Bc8 26. Ra1 Rxa1 27. Rxa1 Re8 28. Kf2 h5 29. Qc3 Qb6 30. b4 Qd8 31.
Bf1 Qh4+ 32. Kg1 Rxe3 33. g3 Qxd4 34. Qxd4 Bxd4 35. Ra8 Ra3+ 0-1

[Event "Kvibergspelen 2018"]
[Site "Prioritet Serneke Arena, Krutvagen 2, Gothenburg, Sweden"]
[Date "2018.04.20"]
[Round "2.13"]
[White "Nilsson, Anders"]
[Black "Nguyen, Gabriel"]
[Result "1-0"]
[TimeControl "15 minutes + 5 seconds per move from move one (Round 1 - 4) / 90 minutes + 30 seconds per move from move one (Round 5 - 8)"]
[WhiteTitle "CM"]
[WhiteFideId "1705423"]
[BlackFideId "1720791"]
[WhiteElo "2217"]
[BlackElo "2024"]

1. d4 Nf6 2. Nf3 g6 3. Bg5 Bg7 4. Nbd2 O-O 5. e3 d6 6. Bc4 b6 7. c3 Bb7 8. a4 c5 9. O-O Nbd7 10. Qe2 d5 11. Ba6 Bxa6 12.
Qxa6 Qc7 13. a5 Qc8 14. Qe2 Qb7 15. b4 c4 16. h3 Rfe8 17. Ra2 b5 18. a6 Qc6 19. Ra5 Nb6 20. Ne5 Qc8 21.
Rxb5 Qxa6 22. Ra5 Qb7 23.
Rfa1 h5 24. Qf3 Rf8 25. Bf4 e6 26. Nexc4 Nxc4 27. Nxc4 Ne4 28. Nd6 Qc6 29. Ra6 Qxc3 30. Nxe4 dxe4 31. Qxe4 Qxb4 32. Bd6 Qb2 33. Bxf8 Rxf8 34.
Rxa7 Qb6 35. Ra8 Qd6 36. Rxf8+ Bxf8 37.
Ra8 Qd7 38. Rb8 Qc7 39. Qa8 Qd6 40. Rd8 Qb4 41. g3 Kg7 42. Qe4 Qe7 43. Rb8 Qc7 44. Qe5+ Qxe5 45. dxe5 Be7 46. Kg2 h4 47. g4 g5 48. Kf3 f6 49.
Ke4 Kg6 50. Rg8+ Kf7 51. Ra8 Kg6 52. exf6 Kxf6 53. f4 Bc5 54. Ra5 Bb6 55. Rxg5 Bc7 56. Rh5 Bd8 57. Rxh4 Kg6 58. Rh5 Bf6 59.
Re5 Bxe5 60. Kxe5 1-0

[Event "Kvibergspelen 2018"]
[Site "Prioritet Serneke Arena, Krutvagen 2, Gothenburg, Sweden"]
[Date "2018.04.20"]
[Round "2.14"]
[White "Bergre, Joachim"]
[Black "Johansson, Gunnar"]
[Result "0-1"]
[TimeControl "15 minutes + 5 seconds per move from move one (Round 1 - 4) / 90 minutes + 30 seconds per move from move one (Round 5 - 8)"]
[WhiteFideId "1704893"]
[BlackFideId "1703501"]
[WhiteElo "1974"]
[BlackElo "2212"]

1. c4 c6 2. g3 d5 3. cxd5 cxd5 4. Bg2 e5 5. d3 h6 6. Nf3 Nc6 7. O-O Nf6 8. Nc3 Be7 9. a3 O-O 10.
b4 a6 11. Bb2 Be6 12. Rc1 Rc8 13. Na4 Nd7 14. d4 e4 15. Ne5 Ncxe5 16. dxe5 b5 17. Rxc8 Qxc8 18. Nc3 Qc4 19. Qd2 Rc8 20.
Rd1 Nb6 21. f4 Qc6 22. Ba1 Qb7 23. h3 f5 24. exf6 Bxf6 25. g4 Nc4 26. Qc1 Qa7+ 27. Kh1 Ne3 28. f5 Bf7 29. Nxe4 Rxc1 30.
Nxf6+ gxf6 31. Rxc1 Nxg2 32. Kxg2 Qe3 0-1

[Event "Kvibergspelen 2018"]
[Site "Prioritet Serneke Arena, Krutvagen 2, Gothenburg, Sweden"]
[Date "2018.04.20"]
[Round "2.15"]
[White "Moller, Mikael"]
[Black "Olsson, William"]
[Result "1-0"]
[TimeControl "15 minutes + 5 seconds per move from move one (Round 1 - 4) / 90 minutes + 30 seconds per move from move one (Round 5 - 8)"]
[WhiteFideId "1738461"]
[BlackFideId "1741721"]
[WhiteElo "1962"]
[BlackElo "2178"]

1. e4 e5 2. Nf3 Nc6 3. d4 exd4 4. Nxd4 Nf6 5. Nc3 Bb4 6. Nxc6 bxc6 7. Qf3 h6 8. Bd2 O-O 9. O-O-O Qe7 10.
Re1 d6 11. h3 Rb8 12. g4 Nd7 13. h4 Ne5 14. Qg3 Nxg4 15. f3 Ne5 16. Bxh6 f6 17. Rg1 Rf7 18. f4 Bxc3 19. Qxc3 Ng4 20.
Bc4 Nxh6 21. f5 Kf8 22. Rg6 Qe5 23. Bxf7 Qxc3 24. bxc3 Nxf7 25. Reg1 Ba6 26. Rxg7 Ke7 27. Rg8 Rxg8 28.
Rxg8 Be2 29. Kd2 Bf3 30. Ke3 Ne5 31. Ra8 Kd7 32. Rxa7 Bd1 33. a4 Bxc2 34. h5 Bd1 35. h6 Bxa4 36.
h7 Nf7 37. Rxa4 Ke7 38. Ra8 d5 39. h8=Q Nxh8 40. Rxh8 dxe4 41. Kxe4 Kd6 42. Re8 Kc5 43. Kd3 Kd5 44. Re6 c5 45. Rxf6 c4+ 46. Ke3 Ke5 47. Rf8 c5 48. Kf3 Kd6 49.
Ke4 Ke7 50. Ra8 Kf6 51. Kf4 Kf7 52. Ke5 Ke7 53. Ra7+ Kf8 54. f6 Kg8 55. Ke6 Kf8 1-0

[Event "Kvibergspelen 2018"]
[Site "Prioritet Serneke Arena, Krutvagen 2, Gothenburg, Sweden"]
[Date "2018.04.20"]
[Round "2.16"]
[White "Ronneland, Daniel"]
[Black "Larsson, Patrik"]
[Result "1-0"]
[TimeControl "15 minutes + 5 seconds per move from move one (Round 1 - 4) / 90 minutes + 30 seconds per move from move one (Round 5 - 8)"]
[WhiteFideId "1702130"]
[BlackFideId "1713744"]
[WhiteElo "2201"]
[BlackElo "2006"]

1. d4 d5 2. c4 dxc4 3. e3 e5 4. Bxc4 exd4 5. exd4 Bd6 6. Nf3 Nf6 7. O-O O-O 8. h3 h6 9. Nc3 Nc6 10.
Re1 Bf5 11. d5 Nb4 12. Nd4 Bg6 13. Qf3 c5 14. dxc6 Nxc6 15. Nxc6 bxc6 16. Qxc6 Rc8 17. Qa6 Bb8 18. Bf1 Qc7 19.
g3 Qd7 20. Be3 Rc6 21. Qa4 Qc8 22. Rad1 Ne4 23. Nxe4 1-0

[Event "Kvibergspelen 2018"]
[Site "Prioritet Serneke Arena, Krutvagen 2, Gothenburg, Sweden"]
[Date "2018.04.20"]
[Round "2.17"]
[White "Torngren, Gustav"]
[Black "Ask, Josef"]
[Result "1/2-1/2"]
[TimeControl "15 minutes + 5 seconds per move from move one (Round 1 - 4) / 90 minutes + 30 seconds per move from move one (Round 5 - 8)"]
[BlackTitle "FM"]
[WhiteFideId "1728970"]
[BlackFideId "1704583"]
[WhiteElo "1906"]
[BlackElo "2173"]

1. d4 Nf6 2. c4 g6 3.
Nc3 Bg7 4. e4 d6 5. Nf3 O-O 6. Be2 e5 7. O-O exd4 8. Nxd4 Re8 9. f3 c6 10. Be3 d5 1/2-1/2

[Event "Kvibergspelen 2018"]
[Site "Prioritet Serneke Arena, Krutvagen 2, Gothenburg, Sweden"]
[Date "2018.04.20"]
[Round "2.18"]
[White "Cramling, Anna"]
[Black "Dahlstrom, Rickard"]
[Result "1/2-1/2"]
[TimeControl "15 minutes + 5 seconds per move from move one (Round 1 - 4) / 90 minutes + 30 seconds per move from move one (Round 5 - 8)"]
[WhiteTitle "WFM"]
[WhiteFideId "32009232"]
[BlackFideId "1702050"]
[WhiteElo "2168"]
[BlackElo "1998"]

1. d4 d5 2. c4 c6 3. Nc3 Nf6 4. Nf3 a6 5. cxd5 cxd5 6. Bf4 Nc6 7. e3 Bf5 8. Rc1 e6 9. Be2 Bd6 10.
Bxd6 Qxd6 11. O-O O-O 12. Na4 Nd7 13. Nc5 Nxc5 14. dxc5 Qc7 15. Nd4 Bg6 16. Nxc6 bxc6 17. Rc3 Rfb8 18.
Qd2 Qa5 19. a3 Ra7 20. b4 Qc7 21. Bd3 Bxd3 22. Rxd3 a5 23. e4 axb4 24. axb4 Ra4 25. exd5 exd5 26. Re1 h6 27. b5 Rxb5 28.
Re8+ Kh7 29. Qc2 Re4 30. Rxe4 dxe4 31. Rd4 f5 32. f3 Qe5 33. Rc4 e3 34. Qc1 Rb2 35. Kf1 Ra2 36. Rb4 Ra1 37.
Rb1 Rxb1 38. Qxb1 Qxc5 39. Ke2 g6 40. Qa2 Qe7 41. Qc4 c5 42. Qd3 f4 43. g3 Qc7 44. gxf4 Qxf4 45. Qd7 Kg8 46. Qe8+ Kg7 47. Qe7+ Qf7 48.
Qxc5 Qa2+ 49. Kxe3 Qxh2 50. Qe7+ Kg8 51. Qe8+ 1/2-1/2

[Event "Kvibergspelen 2018"]
[Site "Prioritet Serneke Arena, Krutvagen 2, Gothenburg, Sweden"]
[Date "2018.04.20"]
[Round "2.19"]
[White "Myrene, Jon Kare"]
[Black "Wengholm, Anders"]
[Result "0-1"]
[TimeControl "15 minutes + 5 seconds per move from move one (Round 1 - 4) / 90 minutes + 30 seconds per move from move one (Round 5 - 8)"]
[WhiteFideId "1510258"]
[BlackFideId "1704818"]
[WhiteElo "1886"]
[BlackElo "2158"]

1. e4 c5 2. Nf3 d6 3. d4 cxd4 4. Nxd4 Nf6 5. Nc3 e6 6. Bc4 Be7 7. Be3 O-O 8. f3 d5 9. exd5 Nxd5 10.
Nxd5 exd5 11. Bb3 Nc6 12. O-O Re8 13. Kh1 Bf6 14. Qd2 Rxe3 15. Nxc6 bxc6 16. Qxe3 Bxb2 17. Rae1 Be6 18. f4 g6 19.
c3 Qf6 20. Rf3 Bf5 21. Re2 Ba3 22. h3 Be4 23. Rf1 Qf5 24. Rd1 Bd6 25. Rf2 Re8 26. Kg1 Re7 27. Qg3 Bc5 28. c4 Bc2 29.
Rc1 Bxb3 30. axb3 Re2 31. Rcf1 Rxf2 32. Rxf2 Qb1+ 33. Kh2 Qe1 34. Rf3 Qg1 35. Rf2 Qe1 0-1

[Event "Kvibergspelen 2018"]
[Site "Prioritet Serneke Arena, Krutvagen 2, Gothenburg, Sweden"]
[Date "2018.04.20"]
[Round "2.20"]
[White "Crevatin, Leo"]
[Black "Sjolander, Anders"]
[Result "1-0"]
[TimeControl "15 minutes + 5 seconds per move from move one (Round 1 - 4) / 90 minutes + 30 seconds per move from move one (Round 5 - 8)"]
[WhiteFideId "1726307"]
[BlackFideId "1711903"]
[WhiteElo "2157"]
[BlackElo "1977"]

1. d4 d5 2. c4 Nc6 3. Nc3 dxc4 4. Nf3 Nf6 5. e4 e5 6. d5 Na5 7. Nxe5 Bd6 8. Nxc4 Nxc4 9. Bxc4 O-O 10. Be3 Ng4 11. Qe2 Qe7 12. Bd4 a6 13. O-O-O b5 14. Bd3 Bd7 15. g3 Rfc8 16. Bc2 b4 17. Na4 c5 18. dxc6 Rxc6 19. Nb6 Ra7 20. Nd5 Qe6 21. Bxa7 Rc8 22. Kb1 Bb5 23. Qd2 Ne5 24. Nxb4 Nc4 25. Qe1 Qe7 26. Rxd6 Qxd6 27. Nd3 Qc7 28. Bc5 Rb8 29. b3 Na5 30. Qe3 Rc8 31. Rc1 Nb7 32. Bb6 Qd6 33. e5 Qd5 34. Nf4 Qd7 35. e6 fxe6 36. Qxe6+ Qxe6 37. Nxe6 Rc6 38. Be4 Rxb6 39. Bd5 Kf7 40. Nd8+ Ke7 41. Nxb7 Bd3+ 42. Kb2 Rf6 43. f4 Bb5 44. Rc7+ Ke8 45. Bf7+ Kf8 46. Bc4 Be8 47. Nc5 Rd6 48. Ne6+ 1-0

[Event "Kvibergspelen 2018"]
[Site "Prioritet Serneke Arena, Krutvagen 2, Gothenburg, Sweden"]
[Date "2018.04.21"]
[Round "3.1"]
[White "Hillarp Persson, Tiger"]
[Black "Ronneland, Daniel"]
[Result "1/2-1/2"]
[TimeControl "15 minutes + 5 seconds per move from move one (Round 1 - 4) / 90 minutes + 30 seconds per move from move one (Round 5 - 8)"]
[WhiteTitle "GM"]
[WhiteFideId "1700812"]
[BlackFideId "1702130"]
[WhiteElo "2540"]
[BlackElo "2201"]

1. Nf3 d5 2. g3 Nf6 3. Bg2 c6 4. d3 h6 5. b3 Bf5 6. Bb2 e6 7. Nbd2 Be7 8. O-O O-O 9. Re1 Bh7 10.
e4 a5 11. a4 Na6 12. e5 Nd7 13. h4 b5 14. Nf1 bxa4 15. Rxa4 Nb4 16. Ne3 Nb6 17. Ra3 a4 18. Bc1 axb3 19.
Rxb3 Ra1 20. Qd2 c5 21. Ba3 Rxe1+ 22. Qxe1 d4 23. Bxb4 cxb4 24. Nf1 Qd7 25. Rxb4 Bxb4 26. Qxb4 Nd5 27.
Qxd4 Qc7 28. Ne1 Qc3 29. Qxc3 Nxc3 30. f4 Rb8 31. Kf2 Rb1 32. Ne3 h5 33. Nf3 Kf8 34. Nd4 Ke7 35. Bf3 Bg6 36.
Ne2 Nb5 37. c4 Na3 38. d4 Bd3 39. d5 Bxc4 40. d6+ Kd7 41. Bxh5 g6 42. Bf3 Rb2 43. Nxc4 Nxc4 44. h5 gxh5 45.
Bxh5 Nxd6 46. exd6 f5 47. Ke3 Kxd6 48. Nd4 Ke7 49. Be2 Kf6 50. Bc4 Rb6 51. Nxe6 Rxe6+ 52. Bxe6 Kxe6 53. Kf3 Kf6 54. Ke2 Ke6 55. Ke3 Ke7 56. Kf2 Kf6 57. Kf3 Kf7 58. Ke3 Ke6 59. Kd4 Kd6 60. Kc4 Kc6 61. Kd4 Kd6 62.
Ke3 Ke6 63. Kf3 Kf7 64. Kg2 Kg6 65.
Kg1 Kf6 66. Kf2 Ke6 67. Ke3 Ke7 68. Kd4 Kd6 69. Ke3 Ke6 70. Kf3 Kf7 71. g4 fxg4+ 72. Kxg4 Kg6 73. f5+ 1/2-1/2

[Event "Kvibergspelen 2018"]
[Site "Prioritet Serneke Arena, Krutvagen 2, Gothenburg, Sweden"]
[Date "2018.04.21"]
[Round "3.2"]
[White "Wengholm, Anders"]
[Black "Hector, Jonny"]
[Result "0-1"]
[TimeControl "15 minutes + 5 seconds per move from move one (Round 1 - 4) / 90 minutes + 30 seconds per move from move one (Round 5 - 8)"]
[BlackTitle "GM"]
[WhiteFideId "1704818"]
[BlackFideId "1700090"]
[WhiteElo "2158"]
[BlackElo "2502"]

1. Nf3 d5 2. g3 Nc6 3. d3 e5 4. c3 f5 5. b4 e4 6. b5 exf3 7. bxc6 fxe2 8. Qxe2+ Be7 9. cxb7 Bxb7 10.
Bh3 d4 11. O-O Qd5 12. f3 dxc3 13. Nxc3 Qc5+ 14. Kh1 Nf6 15. Bf4 Qxc3 16. Rac1 Qa3 17. Rxc7 Bd5 18. Re1 O-O 19. Qxe7 Qxe7 20.
Rexe7 Rf7 21. Bxf5 Rxe7 22. Rxe7 Bxa2 23. Be4 Bd5 24. Be5 Bxe4 25. dxe4 a5 26. Bxf6 gxf6 27. Rd7 a4 28. Rd2 a3 29.
Ra2 Kf7 30. Kg2 Ke6 31. Kf2 Kd6 32. Ke3 Kc5 33. Kf4 Kb4 34. Kf5 Ra6 35. g4 Kb3 36. Ra1 Kb2 37. Re1 a2 38. g5 fxg5 39. Kxg5 a1=Q 40. Rxa1 Rxa1 41. e5 Re1 42. f4 Kc3 43. Kf5 Kd4 44.
Ke6 Ke4 45. f5 Kf4 0-1

[Event "Kvibergspelen 2018"]
[Site "Prioritet Serneke Arena, Krutvagen 2, Gothenburg, Sweden"]
[Date "2018.04.21"]
[Round "3.3"]
[White "Blomqvist, Erik"]
[Black "Crevatin, Leo"]
[Result "1-0"]
[TimeControl "15 minutes + 5 seconds per move from move one (Round 1 - 4) / 90 minutes + 30 seconds per move from move one (Round 5 - 8)"]
[WhiteTitle "GM"]
[WhiteFideId "1709437"]
[BlackFideId "1726307"]
[WhiteElo "2494"]
[BlackElo "2157"]

1. e4 c5 2. Nf3 Nc6 3.
c3 d5 4.
exd5 Qxd5 5. d4 Bf5 6. Be3 Nf6 7. Qb3 Qxb3 8. axb3 cxd4 9. Nxd4 Nxd4 10. Bxd4 a6 11. Nd2 e6 12. b4 Bd6 13.
Be2 O-O 14. O-O Rfd8 15. Nc4 Bc7 16. Rfe1 Nd5 17. Red1 f6 18. Bf3 Rab8 19. Na5 Bxa5 20. bxa5 Rbc8 21. h4 Rc7 22. Bb6 Rdd7 23.
Bxc7 Rxc7 24. Bxd5 exd5 25. Rxd5 Be6 26. Rd6 Bf5 27. Ra4 Kf7 28. Rb4 Kg6 29. g4 Bc8 30. Kh2 h5 31. f3 Rc5 32. Kg3 Rxa5 33. Rc4 1-0